 Dungeon Crawl Stone Soup version 0.31-a0-240-gb923e448b6 (webtiles) character file.

Game seed: 6011774788222156026

90 Nattfarinn the Ruffian (level 4, -1/30 HPs)
             Began as an Octopode Shapeshifter on July 12, 2023.
             Succumbed to Edmund's poison
             ... on level 4 of the Dungeon.
             The game lasted 00:02:46 (2363 turns).

Nattfarinn the Ruffian (Octopode Shapeshifter)      Turns: 2363, Time: 00:02:46

Health: -1/30      AC:  1    Str: 16    XL:     4   Next: 56%
Magic:  4/4        EV: 13    Int: 10    God:
Gold:   136        SH:  0    Dex: 12    Spells: 3/3 levels left

rFire   . .          .
                       - Unarmed
rCold   . . .        (no shield)
rNeg    . . .        (helmet currently unavailable)
rPois   .            g - amulet of the acrobat
rElec   .            i - ring of resist corrosion
rCorr   +            (no ring)
SInv    .            (no ring)
Will    +....        (no ring)
Stlth   ++           (no ring)
HPRegen 0.25/turn    (no ring)
MPRegen 0.09/turn    (no ring)
                     (no ring)

%: acrobat
@: lethally poisoned (-1 -> -18), beast-form, enlightened, flying
A: beast (slay +2), almost no armour, amphibious, 8 rings, camouflage 1,
gelatinous body 1, (nimble swimmer 1), tentacles
a: no special abilities


You were on level 4 of the Dungeon.
You were a hulking beast.
You visited 1 branch of the dungeon, and saw 4 of its levels.

You collected 136 gold pieces.

Inventory:

Jewellery
 g - an amulet of the acrobat (around mantle)
 i - a ring of resist corrosion (left tentacle)
Talismans
 b - a beast talisman
Scrolls
 c - a scroll of enchant weapon
 d - a scroll of identify
 f - a scroll of brand weapon
 m - a scroll of vulnerability {unknown}
 n - a scroll of revelation {unknown}
Potions
 a - a potion of lignification
 e - a potion of enlightenment
 h - a potion of resistance {unknown}
 j - 2 potions of magic {unknown}
 l - a potion of heal wounds {unknown}


   Skills:
 + Level 2.8 Fighting
 - Level 2.0 Dodging
 * Level 3.5 Unarmed Combat
 + Level 3.4 Shapeshifting


You had 3 spell levels left.
You didn't know any spells.
Your spell library was empty.

Dungeon Overview and Level Annotations

Branches:
Dungeon (4/15)
 Temple: D:4-7

Altars:
Cheibriados
Gozag

Shops:
D:1 *

Annotations:
D:1 2 transporters
D:4 Dowan, Duvessa, Edmund


Innate Abilities, Weirdness & Mutations

You are a hulking beast.
Your limbs bulge with bestial killing power. (Slay +2)
You cannot wear most types of armour.
You are amphibious.
You can wear up to eight rings at the same time.
Your skin changes colour to match your surroundings (Stealth+).
Your rubbery body absorbs attacks. (AC +1, EV +1)
((You are camouflaged when in or above water. (Stealth+)))
You have tentacles for arms and can constrict up to eight enemies at once.


Message History

A hound comes into view.
The hound barks!
Found a glowing glaive.
The hound completely misses you. x2
You tentacle-slap the hound. Your grab misses the hound. You squeeze the hound.
The hound is severely wounded.
The hound bites you.
You closely miss the hound. Your grab misses the hound.
Your squeeze misses the hound.
The hound is severely wounded.
The hound bites you but does no damage.
You tentacle-slap the hound. You grab the hound. You squeeze the hound.
You kill the hound!
As you read the scroll labelled TIULLA ZIOFIE, it crumbles to dust.
It is a scroll of enchant weapon.
You aren't carrying any weapons that can be enchanted.
As you read the scroll labelled PIGUAHUESEZ, it crumbles to dust.
It is a scroll of identify.
f - a scroll of brand weapon Edmund shouts!
As you read the scroll labelled SOITOTALUL, it crumbles to dust.
You feel strangely unstable.
It was a scroll of teleportation.
The scorpion stings you. Edmund barely misses you. The scorpion stings you.
You tentacle-slap Edmund but do no damage.
You grab Edmund. You squeeze Edmund, but do no damage.
You constrict Edmund, but do no damage. The scorpion stings you.
Edmund closely misses you.
Unknown command.
You tentacle-slap Edmund. You squeeze Edmund.
Edmund is lightly wounded.
You constrict Edmund. The scorpion stings you.
Edmund hits you with a +0 flail of venom!
* * * LOW HITPOINT WARNING * * *
You are lethally poisoned!
Unknown command.
It was a potion of enlightenment.
You feel very buoyant.
You fly up into the air.
Your surroundings suddenly seem different.
You lose your grip on something.
Found 17 gold pieces.
You die...

.....$.........
.....$.........
...............).... ...
#...................
..###...................
..##....................
..##....................
..##............h.......
..# #...................
..###........†..........
....#.....).............
.....@.s................
###.#...................
...................##.##
....#..#.#########.# .#
#......#.# #


There were no monsters in sight!

Vanquished Creatures
  A hound (D:4)
  2 adders (D:2)
  2 worms (D:2)
  3 dart slugs
  7 ball pythons
  2 bats
  2 endoplasms
  A giant cockroach (D:1)
  2 goblins (D:1)
  2 hobgoblins
  4 frilled lizards
  5 kobolds
  3 rats
36 creatures vanquished.

Notes
Turn   | Place    | Note
-------+----------+-------------------------------------------
     0 | D:1      | Nattfarinn the Octopode Shapeshifter began the quest for
                  | the Orb.
     0 | D:1      | Reached XP level 1. HP: 14/14 MP: 1/1
   164 | D:1      | Reached XP level 2. HP: 19/19 MP: 2/2
   338 | D:1      | Found a transporter.
   340 | D:1      | Found Ywkyitru's Assorted Antiques.
   464 | D:1      | Found a transporter.
   773 | D:2      | Reached XP level 3. HP: 25/25 MP: 3/3
  1860 | D:3      | Found an opulent altar of Gozag.
  1917 | D:3      | Found a snail-covered altar of Cheibriados.
  2012 | D:3      | Reached XP level 4. HP: 30/30 MP: 4/4
  2087 | D:4      | Noticed Duvessa
  2087 | D:4      | Noticed Dowan
  2089 | D:4      | Noticed a scorpion
  2188 | D:4      | Noticed Edmund
  2363 | D:4      | Succumbed to Edmund's poison

Illustrated notes

Levels and vault maps discovered:
D:1:      minmay_arrival_nine_rooms, layout_basic, serial_glass,
          glass_columns_a, glass_columns_c, serial_shops,
          nicolae_shop_drivethru, hangedman_decor_clover_reticule
D:2:      layout_basic
D:3:      layout_basic, mainiacjoe_overflow_six_doors_small,
          nicolae_gozag_seed_capital
D:4:      layout_basic, uniq_ijyb, uniq_edmund, uniq_duvessa

Skill      XL: |  1  2  3 |
---------------+----------+-----
Unarmed Combat | 3 |  3.5
Fighting       | |  2.8
Dodging        | |  2.0
Shapeshifting  | |  3.4

Action                     |  1- 3 |  4- 6 || total
---------------------------+-------+-------++-------
  Melee: Unarmed           |    42 |    11 ||    53
         Constrict         |    15 |     3 ||    18
         Tentacles         |    12 |     5 ||    17
         Punch             |     1 |       ||     1
    Use: Scroll            |       |     3 ||     3
         Potion            |       |     1 ||     1
   Stab: Sleeping          |     6 |     1 ||     7
 Armour: Skin              |     4 |     1 ||     5
  Dodge: Dodged            |    17 |     4 ||    21

Table legend: (Time is in decaauts)
 A = Elapsed time spent in this place.
 B = Non-inter-level travel time spent in this place.
 C = Inter-level travel time spent in this place.
 D = Time resting spent in this place.
 E = Time spent auto-exploring this place.
 F = Levels seen in this place.
 G = Mean time per level.
                   A        B        C        D        E       F      G
               +--------+--------+--------+--------+--------+-----+--------+
         Total |   2359 |   2058 |    301 |     31 |   1767 |   4 |  589.8 |
       Dungeon |   2359 |   2058 |    301 |     31 |   1767 |   4 |  589.8 |
               +--------+--------+--------+--------+--------+-----+--------+

Top non-repeatable levels by time:
     D:2: 997 daAuts
     D:1: 620 daAuts
     D:3: 605 daAuts
     D:4: 135 daAuts
